 Dungeon Crawl Stone Soup version 0.27.1-2-g3b301248ec (webtiles) character file.

Game seed: 17454987492586695101

228 barney the Changer (level 5, 0/40 HPs)
             Began as a Draconian Transmuter on Sept 27, 2021.
             Succumbed to miscasting Spider Form's poison
             ... on level 3 of the Dungeon.
             The game lasted 00:04:06 (4757 turns).

barney the Changer (Draconian Transmuter)           Turns: 4757, Time: 00:04:06

Health: 0/40       AC: 10    Str: 12    XL:     5   Next: 71%
Magic:  0/8        EV: 12    Int: 15    God:
Gold:   139        SH:  0    Dex: 11    Spells: 2/8 levels left

rFire    . . .     SeeInvis .   a - +0 short sword
rCold    . . .     Faith    .   (no shield)
rNeg     . . .     Spirit   .   (armour unavailable)
rPois    .         Reflect  .   (helmet restricted)
rElec    .         Harm     .   c - +0 cloak
rCorr    .         Rampage  .   (no gloves)
Will     .....                  (no boots)
Stlth    +.........             (no amulet)
HPRegen  0.13/turn              f - +4 ring of protection
MPRegen  0.11/turn              (no ring)

@: lethally poisoned (0 -> -5), about to teleport, very slightly contaminated
A: AC +5, unfitting armour, cold-blooded, screaming 1, wild magic 1
a: no special abilities


You were on level 3 of the Dungeon.
You visited 1 branch of the dungeon, and saw 3 of its levels.

You collected 139 gold pieces.

Inventory:

Hand Weapons
 a - a +0 short sword (weapon)
Armour
 c - a +0 cloak (worn)
Jewellery
 f - a +4 ring of protection (left hand)
Wands
 b - a wand of iceblast (9)


   Skills:
 - Level 1.1 Fighting
 - Level 1.7 Dodging
 + Level 4.4 Unarmed Combat
 - Level 2.0 Spellcasting
 * Level 5.1 Transmutations
 + Level 0.1 Evocations


You had 2 spell levels left.
You knew the following spells:

 Your Spells              Type           Power      Damage    Failure   Level
a - Beastly Appendage     Tmut           42%        N/A       4%          1
b - Spider Form           Tmut/Pois      5%         N/A       32%         3
c - Wereblood             Tmut           21%        N/A       7%          2

Your spell library contained the following spells:

 Spells                   Type           Power      Damage    Failure   Level
 Ice Form                 Ice/Tmut       11%        N/A       69%         4


Dungeon Overview and Level Annotations

Branches:
Dungeon (3/15)

Altars:

Annotations:
D:3 3 runed translucent doors, hgbash's ghost, amateur HOFE


Innate Abilities, Weirdness & Mutations

Your plain brown scales are hard. (AC +5)
You cannot fit into any form of body armour.
You are cold-blooded and may be slowed by cold attacks.
You occasionally shout uncontrollably at your foes.
Your spells are a little harder to cast, but a little more powerful.


Message History

The orc barely misses you. The orc hits you with a +0 club.
The orc closely misses you.
You barely miss the orc. The orc completely misses you.
The orc hits you with a +0 club. The orc barely misses you.
The orc completely misses you.
You hit the orc but do no damage. The orc completely misses you.
The orc misses you. The orc closely misses you.
The orc hits you but does no damage.
You hit the orc.
The orc is poisoned.
The orc is severely wounded.
Your transformation has ended.
Your +0 short sword unmelds from your body.
Your +0 cloak unmelds from your body.
You kill the orc!
The orc barely misses you. The orc closely misses you. x2
Casting: Spider Form (quite dangerous; 32% risk of failure)
Confirm with . or Enter, or press ? or * to list all spells.
The spell is quite dangerous to cast (32% risk of failure)!
Continue anyway?
You miscast Spider Form.
You are very lightly contaminated with residual magic.
You feel incredibly sick!
You are poisoned.
* * * LOW HITPOINT WARNING * * *
x2 You feel sick.
The orc completely misses you. The orc hits you but does no damage.
The orc hits you with a +0 club.
* * * LOW HITPOINT WARNING * * *
You aren't carrying any potions.
Unknown command.
Okay, then.
You aren't carrying any potions.
As you read the scroll labelled SIAQEG FOON, it crumbles to dust.
You feel aware of your surroundings.
You sensed 1 altar.
It was a scroll of magic mapping.
* * * LOW HITPOINT WARNING * * *
You feel sick. The orc misses you. The orc hits you with a +0 club.
* * * LOW HITPOINT WARNING * * *
The orc completely misses you.
As you read the scroll labelled SITZIM NICOAXICLA, it crumbles to dust.
You feel strangely unstable.
It was a scroll of teleportation.
You die...

#.....^..##****,,,,,*****
#........# *,,,,,*,,**
#.)......# *,,,,,,*,,,
#######........# *,,,,**,*,*
#..............# *,,,,******
#..............# *,,,,**,,,*
#..............######..,,**,,,,
#.............)o.......,,**,,,,
#.........#...@o.......,,,,,,,,
#.........#...)o.......******,,
#.........#............,,,* *,,
##################.....,,,* *,,
*.....,,,***** *,....,,,,,,,,
*,,...,,,,,,,, *,,...,,,,,,,,
*,,,,,,,,,,,,,


You could see 3 orcs.

Vanquished Creatures
  An orc warrior (D:3)
  A hound (D:3)
  Terence (D:3)
  2 adders (D:2)
  A dart slug (D:2)
  4 orcs (D:3)
  5 ball pythons
  4 endoplasms
  4 giant cockroaches
  4 goblins
  7 hobgoblins
  A jackal (D:3)
  5 kobolds
  8 bats
  4 frilled lizards
  7 rats
59 creatures vanquished.

Vanquished Creatures (others)
  A plant (D:3)
1 creature vanquished.

Grand Total: 60 creatures vanquished

Notes
Turn   | Place    | Note
-------+----------+-------------------------------------------
     0 | D:1      | barney the Draconian Transmuter began the quest for the
                  | Orb.
     0 | D:1      | Reached XP level 1. HP: 16/16 MP: 3/3
   559 | D:1      | Reached XP level 2. HP: 10/23 MP: 3/5
  1396 | D:2      | Reached skill level 3 in Transmutations
  1475 | D:2      | Reached XP level 3. HP: 9/28 MP: 6/6
  1885 | D:2      | Learned a level 3 spell: Spider Form
  1988 | D:2      | Learned a level 2 spell: Wereblood
  3010 | D:3      | Noticed an orc warrior
  3378 | D:3      | Found a runed translucent gate.
  3378 | D:3      | Found a runed translucent gate.
  3378 | D:3      | Found a runed translucent gate.
  3393 | D:3      | Reached skill level 4 in Transmutations
  3393 | D:3      | Reached XP level 4. HP: 35/35 MP: 0/7
  3743 | D:3      | Noticed hgbash's ghost (amateur HOFE)
  3986 | D:2      | Gained mutation: Your spells are a little harder to cast,
                  | but a little more powerful. [potion of mutation]
  3986 | D:2      | Gained mutation: You occasionally shout uncontrollably at
                  | your foes. [potion of mutation]
  4161 | D:3      | Noticed Terence
  4174 | D:3      | Killed Terence
  4312 | D:3      | Killed an orc warrior
  4313 | D:3      | Reached skill level 5 in Transmutations
  4313 | D:3      | Reached XP level 5. HP: 9/40 MP: 5/8
  4756 | D:3      | HP: 1/40 [orc (2)]
  4757 | D:3      | Succumbed to miscasting Spider Form's poison

Illustrated notes

Levels and vault maps discovered:
D:1:      minmay_arrival_plants_in_alcoves, layout_basic
D:2:      layout_basic
D:3:      layout_basic, nicolae_ru_the_path_less_chosen, gammafunk_ghost_icy,
          minmay_surrounded, uniq_terence, uniq_crazy_yiuf_cottage

Skill      XL: |  1  2  3  4 |
---------------+-------------+-----
Transmutations | 3 4 5 |  5.1
Unarmed Combat | 4 |  4.4
Fighting       | |  1.1
Dodging        | |  1.7
Spellcasting   | |  2.0
Evocations     | |  0.1

Action                   |  1- 3 |  4- 6 || total
-------------------------+-------+-------++-------
Melee: Short sword       |   138 |    32 ||   170
       Unarmed           |    15 |    26 ||    41
       Kick              |     1 |     6 ||     7
       Tailslap          |    11 |     3 ||    14
       Headbutt          |     1 |     4 ||     5
 Cast: Beastly Appendage |     6 |     3 ||     9
       Spider Form       |     3 |     4 ||     7
  Use: Potion            |     1 |     1 ||     2
       Scroll            |     1 |     2 ||     3
 Stab: Sleeping          |     1 |       ||     1
Armor: Skin              |    65 |    31 ||    96
Dodge: Dodged            |   126 |    54 ||   180
